[Event "Titled Tuesday Blitz May 30 Late 2023"]
[White "Castillo Pena, Patricia Evarista"]
[Black "Vaglio Munoz, Jaime"]
[WhiteFideId "6412106"]
[BlackFideId "6500145"]
[WhiteElo "1919"]
[BlackElo "2199"]
[Result "0-1"]
[Round "03"]
[TimeControl "180+2"]
[Date "2023.05.31"]
[WhiteClock "0:00:10"]
[BlackClock "0:00:54"]

1. d4 c6 2. Nf3 b5 3. e4 a6 4. c4 bxc4 5. Bxc4 d5 6. exd5 cxd5 7. Bd3 Bg4 8. O-O Bxf3 9. Qxf3 e6 10. Nc3 Nf6 11. Bg5 Nbd7 12. Rfe1 Be7 13. Rad1 O-O 14. Qe2 Qa5 15. Bb1 h6 16. Bh4 Rfb8 17. Bg3 Rc8 18. Be5 Ra7 19. Qf3 Rb7 20. Re2 Bb4 21. g4 Bxc3 22. bxc3 Rxc3 23. Re3 Rxe3 24. fxe3 Rb2 25. Qg3 Qa4 26. Rf1 Qc4 27. g5 hxg5 28. Qxg5 Qe2 29. Qg3 Qg4 30. h3 Qxg3+ 31. Bxg3 Ne4 32. Bxe4 dxe4 33. Be5 Rxa2 34. Rb1 Nxe5 35. dxe5 Ra5 36. Rb6 Kh7 37. Kf2 Kg6 38. Kg3 Kf5 39. Rb7 f6 40. exf6 gxf6 0-1


[Site "https://www.chess.com"]

[Event "Titled Tuesday Blitz May 30 Late 2023"]
[White "Bashkansky, Ethan"]
[Black "Sanchez, Robert"]
[WhiteFideId "2071533"]
[BlackFideId "2034360"]
[WhiteElo "2310"]
[BlackElo "1811"]
[Result "1-0"]
[Round "03"]
[TimeControl "180+2"]
[Date "2023.05.31"]
[WhiteClock "0:00:51"]
[BlackClock "0:01:55"]

1. d4 Nf6 2. c4 e6 3. Nc3 Bb4 4. Qc2 d6 5. Bd2 O-O 6. a3 Bxc3 7. Bxc3 Nbd7 8. Nf3 Qe7 9. e4 e5 10. d5 a5 11. b3 c6 12. Bd3 Re8 13. O-O Nc5 14. b4 Nxd3 15. Qxd3 cxd5 16. cxd5 Nh5 17. bxa5 Nf4 18. Qb5 Bg4 19. Kh1 Qf6 20. Ng1 Qg6 21. g3 Qxe4+ 22. f3 Qc2 1-0


[Site "https://www.chess.com"]

[Event "Titled Tuesday Blitz May 30 Late 2023"]
[White "Naroditsky, Daniel"]
[Black "Holt, Conrad"]
[WhiteFideId "2026961"]
[BlackFideId "2034387"]
[WhiteElo "2633"]
[BlackElo "2592"]
[Result "1/2-1/2"]
[Round "04"]
[TimeControl "180+2"]
[Date "2023.05.31"]
[WhiteClock "0:00:04"]
[BlackClock "0:00:05"]

1. d4 d5 2. Nc3 Nf6 3. Bf4 Bf5 4. e3 e6 5. Nf3 Bb4 6. Bd3 O-O 7. O-O Bxd3 8. cxd3 Nh5 9. Be5 Nc6 10. Rc1 f6 11. Bg3 Nxg3 12. hxg3 Qd7 13. Qb3 Rab8 14. e4 Rfd8 15. Ne2 Bd6 16. exd5 exd5 17. Qxd5+ Qf7 18. Qxf7+ Kxf7 19. a3 Rd7 20. Rc4 Ne7 21. Rc2 c6 22. Nc3 Bc7 23. Re1 Bb6 24. Na4 Bxd4 25. Nxd4 Rxd4 26. Nc5 b6 27. Rce2 Ng6 28. Na6 Rc8 29. Re3 c5 30. b4 Ne5 31. bxc5 bxc5 32. Rb1 Rc6 33. f4 Nd7 34. Nb8 Rb6 35. Rxb6 Nxb6 36. Nc6 Ra4 37. f5 Nd5 38. Nd8+ Kf8 39. Ne6+ Kf7 40. Nd8+ Kf8 41. Ne6+ Kf7 42. Nd8+ 1/2-1/2


[Site "https://www.chess.com"]

[Event "Titled Tuesday Blitz May 30 Late 2023"]
[White "Vachier-Lagrave, Maxime"]
[Black "Milikow, Yoav"]
[WhiteFideId "623539"]
[BlackFideId "2822237"]
[WhiteElo "2723"]
[BlackElo "2410"]
[Result "1-0"]
[Round "04"]
[TimeControl "180+2"]
[Date "2023.05.31"]
[WhiteClock "0:00:54"]
[BlackClock "0:00:07"]

1. e4 e5 2. Nf3 Nf6 3. d4 Nxe4 4. Bd3 Nc6 5. d5 Nc5 6. O-O e4 7. Re1 Ne7 8. Bxe4 Nxe4 9. Rxe4 d6 10. Qd4 Bf5 11. Re2 Qd7 12. Nc3 f6 13. Bd2 Kf7 14. Rae1 a6 15. Qb4 b6 16. Nd4 Bg4 17. f3 Bf5 18. Ne6 Re8 19. Qf4 g5 20. Qd4 Rg8 21. Ne4 Nxd5 22. Nxf8 Qc6 23. Nxg5+ Rxg5 24. Rxe8 Nf4 25. R1e7+ 1-0


[Site "https://www.chess.com"]

[Event "Titled Tuesday Blitz May 30 Late 2023"]
[White "Bordi, Kevin"]
[Black "Bluebaum, Matthias"]
[WhiteFideId "621862"]
[BlackFideId "24651516"]
[WhiteElo "2771"]
[BlackElo "2639"]
[Result "0-1"]
[Round "04"]
[TimeControl "180+2"]
[Date "2023.05.31"]
[WhiteClock "0:01:03"]
[BlackClock "0:01:51"]

1. e4 e6 2. d4 d5 3. Nd2 Nf6 4. e5 Nfd7 5. c3 c5 6. Ngf3 Nc6 7. Bd3 f6 8. exf6 Nxf6 9. O-O cxd4 10. cxd4 Bd6 11. Re1 O-O 12. Nf1 Qb6 13. Bg5 Qxb2 14. Ng3 Qa3 15. Re3 Qa5 16. Qb1 Qb6 17. Qd1 Bd7 18. Rb1 Qc7 19. Rc1 Bf4 20. Bxf4 Qxf4 21. Ne5 Nxe5 22. dxe5 Ng4 23. Rf3 Qh6 24. Rxf8+ Rxf8 25. h3 Nxf2 0-1


[Site "https://www.chess.com"]

[Event "Titled Tuesday Blitz May 30 Late 2023"]
[White "Duda, Jan-Krzysztof"]
[Black "Hambleton, Aman"]
[WhiteFideId "1170546"]
[BlackFideId "2606577"]
[WhiteElo "2790"]
[BlackElo "2511"]
[Result "1-0"]
[Round "04"]
[TimeControl "180+2"]
[Date "2023.05.31"]
[WhiteClock "0:01:55"]
[BlackClock "0:00:01"]

1. e4 e6 2. d4 d5 3. exd5 exd5 4. Nf3 Bd6 5. c4 dxc4 6. Bxc4 Nf6 7. O-O O-O 8. h3 h6 9. Qc2 Nbd7 10. Nc3 Nb6 11. Bb3 c6 12. Bxh6 gxh6 13. Qg6+ Kh8 14. Qxh6+ Nh7 15. Ne4 f6 16. Nh4 Nd5 17. Bxd5 cxd5 18. Ng6+ Kg8 19. Nxd6 Qxd6 20. Rfe1 Be6 21. Re3 Rf7 22. Rae1 Bd7 23. Rg3 Rg7 24. Ne7+ 1-0


[Site "https://www.chess.com"]

[Event "Titled Tuesday Blitz May 30 Late 2023"]
[White "Lazavik, Denis"]
[Black "Tejedor Fuente, Enrique"]
[WhiteFideId "13515110"]
[BlackFideId "2299100"]
[WhiteElo "2560"]
[BlackElo "2496"]
[Result "0-1"]
[Round "04"]
[TimeControl "180+2"]
[Date "2023.05.31"]
[WhiteClock "0:00:20"]
[BlackClock "0:00:10"]

1. d4 d5 2. c4 c6 3. Nf3 Nf6 4. e3 e6 5. b3 Nbd7 6. Bd3 Bd6 7. Bb2 O-O 8. O-O b6 9. Nbd2 Bb7 10. Qe2 c5 11. Rad1 Qc7 12. Rc1 Rac8 13. cxd5 exd5 14. Bf5 Rcd8 15. Rfd1 Qb8 16. dxc5 bxc5 17. Nf1 Rfe8 18. Bxd7 Nxd7 19. Qd3 Nf8 20. Ng3 Ne6 21. Qf5 Bf8 22. Qg4 Bc8 23. Nf5 Kh8 24. Qh5 f6 25. Ng3 Qb7 26. Qh4 Qf7 27. Qa4 Bb7 28. Ne1 Ng5 29. Nd3 d4 30. exd4 cxd4 31. Qa5 Rd5 32. Qd2 h5 33. Nf4 h4 34. Nxd5 Qxd5 35. f4 Nh3+ 36. Kh1 hxg3 37. hxg3 Qh5 38. Re1 Nf2+ 39. Kg1 Qh1+ 40. Kxf2 Qxg2# 0-1


[Site "https://www.chess.com"]

[Event "Titled Tuesday Blitz May 30 Late 2023"]
[White "Deac, Bogdan-Daniel"]
[Black "Schmakel, Sam"]
[WhiteFideId "1226380"]
[BlackFideId "2039311"]
[WhiteElo "2649"]
[BlackElo "2356"]
[Result "0-1"]
[Round "04"]
[TimeControl "180+2"]
[Date "2023.05.31"]
[WhiteClock "0:00:03"]
[BlackClock "0:00:04"]

1. g3 d5 2. Bg2 c5 3. d3 Nc6 4. e4 Nf6 5. Nc3 d4 6. Nce2 e5 7. f4 Bd6 8. Nf3 O-O 9. O-O b5 10. a4 bxa4 11. Rxa4 a5 12. Nd2 Nd7 13. f5 Nb6 14. Ra1 f6 15. g4 Ba6 16. Ng3 c4 17. dxc4 Nxc4 18. Nxc4 Bxc4 19. Rf3 a4 20. h4 Nb4 21. Bd2 d3 22. Bxb4 Bxb4 23. c3 Bc5+ 24. Kh2 Qb6 25. Rb1 Rfd8 26. g5 d2 27. b4 axb3 28. Nf1 Qd6 29. gxf6 gxf6 30. Rg3+ Kh8 31. Rb2 Ra2 32. Rb1 Be2 33. Qxe2 d1=Q 34. Rxd1 Rxe2 35. Rxd6 Rxd6 36. c4 Rb6 37. Rxb3 Rxb3 0-1


[Site "https://www.chess.com"]

[Event "Titled Tuesday Blitz May 30 Late 2023"]
[White "Rasulov, Vugar"]
[Black "Halkias, Stelios"]
[WhiteFideId "13402390"]
[BlackFideId "4201809"]
[WhiteElo "2509"]
[BlackElo "2451"]
[Result "1-0"]
[Round "04"]
[TimeControl "180+2"]
[Date "2023.05.31"]
[WhiteClock "0:00:20"]
[BlackClock "0:00:06"]

1. e4 c6 2. d4 d5 3. e5 Bf5 4. Be3 e6 5. Nd2 Nd7 6. Nb3 h6 7. Nf3 Ne7 8. Be2 Bh7 9. O-O Nf5 10. Bd2 c5 11. dxc5 Bxc5 12. Nxc5 Nxc5 13. Bb4 Qb6 14. c3 O-O 15. Nd4 Rfc8 16. Nxf5 Bxf5 17. Qd4 Na4 18. Qd2 Nc5 19. Rac1 a5 20. Ba3 Ne4 21. Qd1 Rc6 22. g4 Bh7 23. Kg2 Rac8 24. f3 Nc5 25. Qd4 Qc7 26. Rfe1 Nd7 27. Bf1 Rb6 28. h4 Nb8 29. h5 Nc6 30. Qe3 Qd8 31. b3 d4 32. cxd4 Nb4 33. Qf2 Rbc6 34. Rxc6 Rxc6 35. Rc1 Nc2 36. Bb2 Nb4 37. Rxc6 bxc6 38. Bc3 Nd5 39. Bd2 Qb6 40. Bc4 Kh8 41. g5 hxg5 42. Bxg5 f6 43. exf6 gxf6 44. Bd2 Qd8 45. Qg3 Qf8 46. h6 Qf7 47. Bxa5 Bf5 48. Bd2 Bg6 49. a4 Kh7 50. a5 Qa7 51. Qd6 Bf7 52. Qf8 Bg6 53. Qd6 Bf7 54. Bd3+ Kg8 55. Qd8+ 1-0


[Site "https://www.chess.com"]

[Event "Titled Tuesday Blitz May 30 Late 2023"]
[White "Hakobyan, Aram"]
[Black "Kozionov, Kirill"]
[WhiteFideId "13306677"]
[BlackFideId "24101729"]
[WhiteElo "2584"]
[BlackElo "2377"]
[Result "1-0"]
[Round "04"]
[TimeControl "180+2"]
[Date "2023.05.31"]
[WhiteClock "0:00:07"]
[BlackClock "0:00:03"]

1. d4 Nf6 2. c4 g6 3. Nc3 Bg7 4. e4 d6 5. Be2 O-O 6. Nf3 e5 7. O-O Nc6 8. d5 Ne7 9. Kh1 Ne8 10. a4 a5 11. Ra3 b6 12. Rg1 f5 13. exf5 gxf5 14. Ng5 Nf6 15. f4 Ng6 16. Nb5 exf4 17. Rf1 Ng4 18. Ne6 Bxe6 19. dxe6 Qh4 20. Rh3 Nf2+ 21. Rxf2 Qxf2 22. Nxc7 Rac8 23. Nd5 Rce8 24. Rf3 Qc5 25. Bxf4 Rxe6 26. Be3 Qc6 27. Rh3 Rfe8 28. Bd3 Rxe3 29. Rxe3 Rxe3 30. Nxe3 Bxb2 31. Nxf5 Be5 32. h4 Kf8 33. Qg4 Qxa4 34. g3 Qa1+ 35. Kg2 Qb2+ 36. Kh3 Qc3 37. Qf3 Bf6 38. Nxd6 Ke7 39. Nc8+ Kd8 40. Nxb6 1-0


[Site "https://www.chess.com"]

[Event "Titled Tuesday Blitz May 30 Late 2023"]
[White "Matinian, Nikita"]
[Black "Makarian, Rudik"]
[WhiteFideId "24129100"]
[BlackFideId "44105681"]
[WhiteElo "2422"]
[BlackElo "2461"]
[Result "0-1"]
[Round "04"]
[TimeControl "180+2"]
[Date "2023.05.31"]
[WhiteClock "0:00:27"]
[BlackClock "0:01:38"]

1. e4 c5 2. Nf3 Nc6 3. Bb5 e6 4. c3 a6 5. Bxc6 bxc6 6. O-O Ne7 7. e5 Ng6 8. d4 Bb7 9. dxc5 Bxc5 10. Nbd2 Be7 11. Nc4 c5 12. Re1 O-O 13. Nd6 Bxd6 14. exd6 Qf6 15. Be3 Rac8 16. c4 Bxf3 17. Qxf3 Qxf3 18. gxf3 Nh4 19. Red1 Rc6 20. Rac1 Rb8 21. b3 Nxf3+ 22. Kg2 Nh4+ 23. Kg3 Nf5+ 24. Kg4 f6 25. h4 Kf7 26. h5 Nxe3+ 27. fxe3 Rbb6 28. a3 0-1


[Site "https://www.chess.com"]

[Event "Titled Tuesday Blitz May 30 Late 2023"]
[White "Ibarra Jerez, Jose Carlos"]
[Black "Rastbod, Ali"]
[WhiteFideId "2226332"]
[BlackFideId "12567477"]
[WhiteElo "2638"]
[BlackElo "2274"]
[Result "1-0"]
[Round "04"]
[TimeControl "180+2"]
[Date "2023.05.31"]
[WhiteClock "0:02:12"]
[BlackClock "0:01:43"]

1. e4 c6 2. Nf3 d5 3. d3 Qc7 4. exd5 cxd5 5. c4 Nf6 6. Nc3 Qd8 7. Qe2 d4 8. Nb5 Nc6 9. Bf4 Qa5+ 10. Bd2 Qd8 11. Bf4 Qa5+ 12. Nd2 Nb4 13. Kd1 Na6 14. Nb3 Qd8 15. Nd6+ Kd7 16. Nxf7 1-0


[Site "https://www.chess.com"]

[Event "Titled Tuesday Blitz May 30 Late 2023"]
[White "Prohaszka, Peter"]
[Black "Moroni, Luca Jr"]
[WhiteFideId "726265"]
[BlackFideId "865834"]
[WhiteElo "2626"]
[BlackElo "2569"]
[Result "1-0"]
[Round "04"]
[TimeControl "180+2"]
[Date "2023.05.31"]
[WhiteClock "0:00:07"]
[BlackClock "0:00:14"]

1. d4 g6 2. c3 Bg7 3. Nf3 d6 4. Bf4 Nd7 5. h3 b6 6. e4 Bb7 7. Nbd2 Ngf6 8. Bd3 O-O 9. O-O e6 10. Qe2 h6 11. Ba6 Qc8 12. Bxb7 Qxb7 13. a4 a6 14. Rfd1 b5 15. axb5 axb5 16. e5 dxe5 17. Nxe5 Rfe8 18. Nxd7 Nxd7 19. Rxa8 Qxa8 20. Qxb5 c6 21. Qd3 Qb7 22. Nc4 Rd8 23. b4 Nf6 24. Be5 Nd5 25. Ne3 Ne7 26. Bxg7 Kxg7 27. Qe4 Qb5 28. Ng4 Qd5 29. Qe5+ Qxe5 30. Nxe5 f6 31. Nd3 Nd5 32. Rc1 Ra8 33. c4 Nc7 34. Nc5 Kf7 35. Rb1 Rb8 36. Kf1 Ke7 37. Ke2 e5 38. dxe5 fxe5 39. Kd3 Ne8 40. Kc3 Nd6 41. Re1 Ra8 42. Rxe5+ Kf7 43. g4 Ra3+ 44. Kd4 Ra2 45. Re6 Rd2+ 46. Kc3 Rd1 47. f3 h5 48. gxh5 gxh5 49. Rh6 Nf5 50. Rxc6 Rc1+ 51. Kb2 Rh1 52. Rc7+ Ke8 53. b5 Kd8 54. b6 Rh2+ 55. Kc3 Rxh3 56. Ne6+ Ke8 57. b7 Rxf3+ 58. Kb4 Ne7 59. b8=Q+ Kf7 60. Rxe7+ Kxe7 61. Qb7+ Kxe6 62. Qxf3 1-0


[Site "https://www.chess.com"]

[Event "Titled Tuesday Blitz May 30 Late 2023"]
[White "Martinez Ramirez, Lennis"]
[Black "Xiong, Jeffery"]
[WhiteFideId "3509079"]
[BlackFideId "2047640"]
[WhiteElo "2410"]
[BlackElo "2726"]
[Result "0-1"]
[Round "04"]
[TimeControl "180+2"]
[Date "2023.05.31"]
[WhiteClock "0:00:04"]
[BlackClock "0:00:43"]

1. Nf3 c5 2. c4 Nf6 3. g3 Nc6 4. Bg2 d5 5. cxd5 Nxd5 6. O-O e5 7. Nc3 Nc7 8. b3 Be7 9. Bb2 O-O 10. Rc1 f6 11. d3 Bg4 12. a3 Rc8 13. Ne4 Ne6 14. e3 Qd7 15. h3 Bh5 16. g4 Bf7 17. Qc2 Rfd8 18. Nh4 Qxd3 19. Nf5 Bf8 20. b4 cxb4 21. axb4 Bxb4 22. Qa4 Bf8 23. f4 exf4 24. Bxf6 gxf6 25. Nxf6+ Kh8 26. Qa1 Bg7 27. Nxg7 Qxe3+ 28. Kh1 Nxg7 29. Rce1 Qd4 30. Bxc6 Qxa1 31. Rxa1 Rxc6 32. Rxf4 a6 33. Ne4 Bd5 34. Kg1 Ne6 0-1


[Site "https://www.chess.com"]

[Event "Titled Tuesday Blitz May 30 Late 2023"]
[White "Zhigalko, Sergei"]
[Black "Danielyan, Vahe"]
[WhiteFideId "13502956"]
[BlackFideId "13304828"]
[WhiteElo "2626"]
[BlackElo "2423"]
[Result "1-0"]
[Round "04"]
[TimeControl "180+2"]
[Date "2023.05.31"]
[WhiteClock "0:00:07"]
[BlackClock "0:00:06"]

1. e4 c6 2. d4 d5 3. e5 Bf5 4. Nf3 e6 5. Be2 Ne7 6. O-O h6 7. Nbd2 Nd7 8. a4 a5 9. Nb3 Bh7 10. Bd2 b6 11. Rc1 Nf5 12. c4 Bb4 13. Bxb4 axb4 14. cxd5 cxd5 15. Bb5 O-O 16. Qd2 f6 17. Qxb4 Kh8 18. Rfe1 fxe5 19. dxe5 Nc5 20. Nxc5 bxc5 21. Qxc5 Nh4 22. Nxh4 Qxh4 23. Qe3 Rf5 24. Bd3 Rh5 25. h3 Bxd3 26. Qxd3 Qxa4 27. Qg6 Qe8 28. Qxe8+ Rxe8 29. Rc7 Rh4 30. Re3 Rb4 31. b3 Reb8 32. Rg3 g5 33. Rf3 R4b7 34. Rxb7 Rxb7 35. Rf6 Kg7 36. Rxe6 Rxb3 37. Rd6 Rb5 38. g3 d4 39. f4 Rb3 40. Kf2 Rb2+ 41. Kf3 Rb3+ 42. Ke4 Rxg3 43. f5 Rxh3 44. Rd7+ Kf8 45. f6 Re3+ 46. Kxd4 Re1 47. Rh7 g4 48. Kd5 g3 49. e6 Kg8 50. Rg7+ Kh8 51. Rxg3 Rd1+ 52. Ke5 Re1+ 53. Kd6 Ra1 54. f7 Ra6+ 55. Ke5 Ra8 56. Kf6 Kh7 57. Rg7+ Kh8 58. Rg8+ Rxg8 59. fxg8=Q+ Kxg8 60. e7 1-0


[Site "https://www.chess.com"]

[Event "Titled Tuesday Blitz May 30 Late 2023"]
[White "Durarbayli, Vasif"]
[Black "Sun, Rick"]
[WhiteFideId "13402935"]
[BlackFideId "30909481"]
[WhiteElo "2551"]
[BlackElo "2169"]
[Result "1-0"]
[Round "04"]
[TimeControl "180+2"]
[Date "2023.05.31"]
[WhiteClock "0:01:20"]
[BlackClock "0:00:02"]

1. e4 d6 2. d4 Nf6 3. Nc3 Nbd7 4. g3 e5 5. Nge2 c6 6. Bg2 b5 7. a3 Be7 8. h3 a5 9. g4 h6 10. Ng3 g6 11. Be3 Qc7 12. Qd2 Bf8 13. O-O h5 14. g5 h4 15. gxf6 hxg3 16. fxg3 Nb6 17. b3 Bxh3 18. dxe5 dxe5 19. Bxh3 Rxh3 20. Kg2 Rh5 21. g4 Rd8 22. Qf2 Qd7 23. gxh5 b4 24. Bxb6 Qg4+ 25. Qg3 Rd2+ 26. Rf2 Rxf2+ 27. Bxf2 Qxh5 28. Rh1 Qxh1+ 29. Kxh1 bxc3 30. Qxe5+ Kd7 31. Bg3 Bxa3 32. Qc7+ Ke6 33. Qxc6+ Bd6 34. Qxd6# 1-0


[Site "https://www.chess.com"]

[Event "Titled Tuesday Blitz May 30 Late 2023"]
[White "Rustemov, Alexander"]
[Black "Ibadov, Dashgyn"]
[WhiteFideId "4119002"]
[BlackFideId "24107514"]
[WhiteElo "2872"]
[BlackElo "2208"]
[Result "1-0"]
[Round "04"]
[TimeControl "180+2"]
[Date "2023.05.31"]
[WhiteClock "0:00:51"]
[BlackClock "0:00:02"]

1. d4 Nf6 2. Nf3 d5 3. c4 c6 4. e3 e6 5. Nc3 Nbd7 6. Qc2 Bd6 7. Bd2 O-O 8. O-O-O b5 9. e4 dxe4 10. Nxe4 Nxe4 11. Qxe4 Bb7 12. c5 Nf6 13. Qh4 Be7 14. Bd3 a5 15. Rhe1 b4 16. Bg5 g6 17. Ne5 Nd5 18. Bxe7 Qxe7 19. Qxe7 Nxe7 20. Be4 Rfd8 21. Kc2 Rac8 22. f4 Ba6 23. Re3 f6 24. Nf3 Kf7 25. Rde1 Re8 26. a3 bxa3 27. Rxa3 Bc4 28. Rxa5 Bd5 29. Bxd5 Nxd5 30. Ra7+ Re7 31. Rxe7+ Kxe7 32. g3 Ra8 33. Kb1 Ra4 34. Rc1 h6 35. h4 Ra8 36. Rc4 Rb8 37. Kc1 Rb7 38. Ra4 Rb3 39. Ra3 Rb4 40. Kc2 Kf8 41. b3 Kf7 42. Ra6 Ne7 43. Ra7 Rb5 44. Nd2 Rb8 45. Nc4 Kf8 46. Nb6 Nf5 47. Nd7+ 1-0


[Site "https://www.chess.com"]

[Event "Titled Tuesday Blitz May 30 Late 2023"]
[White "Principe, Gerson"]
[Black "Kravtsiv, Martyn"]
[WhiteFideId "3804550"]
[BlackFideId "14113147"]
[WhiteElo "2229"]
[BlackElo "2695"]
[Result "0-1"]
[Round "04"]
[TimeControl "180+2"]
[Date "2023.05.31"]
[WhiteClock "0:00:05"]
[BlackClock "0:00:21"]

1. d4 d5 2. Nf3 Nf6 3. e3 e6 4. Be2 Bd6 5. O-O O-O 6. b3 b6 7. Bb2 Bb7 8. c4 dxc4 9. Bxc4 Nbd7 10. Nc3 a6 11. Rc1 Qe7 12. Qe2 Rfd8 13. e4 e5 14. d5 Nc5 15. Rfd1 Bc8 16. Qc2 Nh5 17. Be2 Nf4 18. b4 Nd7 19. a3 Nf8 20. g3 Nxe2+ 21. Qxe2 Ng6 22. Nd2 a5 23. bxa5 Rxa5 24. Nc4 Ba6 25. Nb1 Bxc4 26. Rxc4 Rda8 27. Rdc1 R8a7 28. Qg4 Nf8 29. Kg2 Qd7 30. Qe2 h6 31. h3 Qb5 32. Qc2 Nd7 33. Qe2 Nc5 34. Qc2 Ra4 35. Rxa4 Qxa4 36. Qxa4 Rxa4 37. Nc3 Rc4 38. Nb5 Rxe4 39. Rc2 f6 40. Bc1 Ra4 41. Be3 Ra5 42. Nxd6 cxd6 43. Rb2 Ra6 44. Rb5 Kf7 45. g4 Ke7 46. Kg3 Kd7 47. Kh4 g6 48. Bxh6 Kc7 49. Be3 Rxa3 50. Kg3 f5 51. gxf5 gxf5 52. Kg2 f4 53. Bxc5 dxc5 54. d6+ Kc6 55. d7 Rd3 56. Rb3 Rxd7 57. h4 e4 58. Rh3 Rg7+ 59. Kf1 Kd5 60. Ke2 Rh7 61. h5 Rh6 62. Kd2 Ke5 63. Kc3 Kf5 0-1


[Site "https://www.chess.com"]

[Event "Titled Tuesday Blitz May 30 Late 2023"]
[White "Maurizzi, Marc`Andria"]
[Black "Petrosyan, Manuel"]
[WhiteFideId "36083534"]
[BlackFideId "13300857"]
[WhiteElo "2421"]
[BlackElo "2576"]
[Result "1-0"]
[Round "04"]
[TimeControl "180+2"]
[Date "2023.05.31"]
[WhiteClock "0:00:50"]
[BlackClock "0:00:02"]

1. e4 c5 2. Nf3 d6 3. Nc3 Nf6 4. e5 dxe5 5. Nxe5 Nbd7 6. d4 e6 7. Bb5 a6 8. Bxd7+ Nxd7 9. Qh5 Nxe5 10. dxe5 Be7 11. Bf4 Qd4 12. Bg3 O-O 13. O-O Qd2 14. Rac1 Qg5 15. Qe2 Bd7 16. Ne4 Qg6 17. Nd6 Bc6 18. Rcd1 Rfd8 19. c4 Rd7 20. Qe3 b6 21. h3 Rad8 22. Rd2 Bxd6 23. exd6 Qe4 24. Qxe4 Bxe4 25. f3 Bc6 26. Re1 Kf8 27. Rd3 Re8 28. Rb3 Rb8 29. Bf2 Rbb7 30. Rd1 f6 31. Rd2 Kf7 32. a4 Bxa4 33. Ra3 Bc6 34. Rxa6 e5 35. b4 cxb4 36. Bxb6 Ke6 37. c5 Rb8 38. Rb2 Bd5 39. Rxb4 Rdb7 40. Kh2 Bc6 41. Ra1 Kd7 42. Re1 Ra8 43. Re2 Ra1 44. f4 e4 45. Rbxe4 Bxe4 46. Rxe4 Kc6 47. Re8 Rd1 48. Rc8+ Kb5 49. Bd8 g6 50. c6 Rf7 51. c7 1-0


[Site "https://www.chess.com"]

[Event "Titled Tuesday Blitz May 30 Late 2023"]
[White "Mustafayev, Farid"]
[Black "Paravyan, David"]
[WhiteFideId "13408771"]
[BlackFideId "4194985"]
[WhiteElo "2197"]
[BlackElo "2563"]
[Result "0-1"]
[Round "04"]
[TimeControl "180+2"]
[Date "2023.05.31"]
[WhiteClock "0:00:14"]
[BlackClock "0:00:08"]

1. c4 e5 2. Nc3 Nf6 3. g3 d5 4. cxd5 Nxd5 5. Bg2 Nxc3 6. bxc3 Bc5 7. Nf3 Nc6 8. d3 O-O 9. O-O Re8 10. Nd2 Rb8 11. Rb1 Be6 12. Qa4 Bd5 13. Ne4 Bb6 14. Ba3 Bxa2 15. Rb2 Be6 16. Nc5 Bxc5 17. Bxc5 Bd5 18. e4 Be6 19. d4 exd4 20. cxd4 Bd7 21. Qd1 b6 22. Ba3 Na5 23. Qd3 c6 24. Rc1 Rc8 25. Qa6 Be6 26. Bb4 Qxd4 27. Bc3 Qd7 28. Bxa5 bxa5 29. Qxa5 c5 30. Rd2 Qc7 31. Qc3 a5 32. f4 a4 33. e5 Red8 34. Rcd1 Rxd2 35. Rxd2 g6 36. h4 h5 37. Rd6 Rd8 38. Rc6 Qd7 39. Qxc5 Qd4+ 40. Qxd4 Rxd4 41. Ra6 Rd3 42. Rxa4 Rxg3 43. Kf2 Rg4 44. Bh3 Rxh4 45. Bxe6 fxe6 46. Kg3 Rg4+ 47. Kf3 g5 48. fxg5 Rxa4 0-1


[Site "https://www.chess.com"]

[Event "Titled Tuesday Blitz May 30 Late 2023"]
[White "Thomforde-Toates, Noah"]
[Black "Pranav, V"]
[WhiteFideId "30951992"]
[BlackFideId "25060783"]
[WhiteElo "2746"]
[BlackElo "2515"]
[Result "0-1"]
[Round "04"]
[TimeControl "180+2"]
[Date "2023.05.31"]
[WhiteClock "0:00:59"]
[BlackClock "0:01:57"]

1. d4 Nf6 2. Nc3 d5 3. Bf4 c5 4. e3 cxd4 5. exd4 a6 6. Nf3 Nc6 7. Ne5 Bd7 8. Nxc6 Bxc6 9. Bd3 Qb6 10. O-O Qxb2 11. Qd2 Qb6 12. Rab1 Qd8 13. Rfe1 e6 14. Nd1 Be7 15. Ne3 O-O 16. h3 Rc8 17. Bh2 Bd6 18. f4 Bb5 19. f5 Bxd3 20. cxd3 b5 21. fxe6 fxe6 22. Ng4 Nxg4 23. hxg4 Bxh2+ 24. Kxh2 Qh4+ 25. Kg1 Qxg4 26. Qe3 Rf6 27. Rf1 Rc2 28. g3 Qh3 0-1


[Site "https://www.chess.com"]

[Event "Titled Tuesday Blitz May 30 Late 2023"]
[White "Muradli, Mahammad"]
[Black "Kourkoulos-Arditis, Stamatis"]
[WhiteFideId "13409301"]
[BlackFideId "4221990"]
[WhiteElo "2558"]
[BlackElo "2400"]
[Result "1-0"]
[Round "04"]
[TimeControl "180+2"]
[Date "2023.05.31"]
[WhiteClock "0:00:08"]
[BlackClock "0:00:03"]

1. Nf3 d6 2. d4 Nf6 3. b3 Nbd7 4. Bb2 c6 5. c4 Qc7 6. g3 e5 7. Bg2 Be7 8. O-O O-O 9. Nc3 Re8 10. e4 Bf8 11. Re1 exd4 12. Nxd4 Nc5 13. Qc2 a5 14. Rad1 Bg4 15. f3 Be6 16. h3 Qb6 17. Bc1 a4 18. Be3 axb3 19. axb3 Qb4 20. Kh2 Ra3 21. Na2 Qa5 22. b4 Qa6 23. Nc1 Ncd7 24. b5 Qa8 25. f4 Nc5 26. bxc6 bxc6 27. e5 dxe5 28. fxe5 Nfd7 29. Nxc6 Qa6 30. Bd5 Nb3 31. Qf2 Nxc1 32. Bxe6 fxe6 33. Rxd7 Ra2 34. Bd2 Qxc6 35. Qf7+ Kh8 36. Rxc1 h6 37. Rf1 Rea8 38. Rf2 Qe4 39. Qf4 Qxf4 40. gxf4 Bc5 41. Rg2 Bf8 42. Be1 Rxg2+ 43. Kxg2 Rc8 44. Rd4 Bc5 45. Rd1 Be3 46. Kf3 Bc5 47. Rc1 Ra8 48. Rc2 Kh7 49. Bf2 Ra3+ 50. Kg2 Be7 51. c5 Bd8 52. c6 Bc7 53. Bc5 Rd3 54. Bf2 Kg6 55. Kf1 Kf5 56. Ke2 Ra3 57. Bc5 Ra8 58. Bd6 Rc8 59. Ke3 Bb6+ 60. Kd3 Kxf4 61. c7 g5 62. Rc6 Bf2 63. Rc4+ Kf3 64. Rb4 h5 65. Rb8 Rxc7 66. Bxc7 Bg3 67. Rf8+ Bf4 68. Bd8 g4 69. Bg5 gxh3 70. Bxf4 1-0


[Site "https://www.chess.com"]

[Event "Titled Tuesday Blitz May 30 Late 2023"]
[White "Goryachkina, Aleksandra"]
[Black "Zakhartsov, Vladimir"]
[WhiteFideId "4147103"]
[BlackFideId "4145097"]
[WhiteElo "2471"]
[BlackElo "2495"]
[Result "1-0"]
[Round "04"]
[TimeControl "180+2"]
[Date "2023.05.31"]
[WhiteClock "0:00:04"]
[BlackClock "0:00:03"]

1. e4 c5 2. Nf3 d6 3. Bb5+ Bd7 4. Bxd7+ Nxd7 5. c3 e6 6. d4 Ngf6 7. Qe2 Be7 8. O-O O-O 9. Rd1 Qb6 10. Bg5 h6 11. Bh4 Rfe8 12. Na3 Bf8 13. Bxf6 Nxf6 14. e5 Nd5 15. c4 Nc7 16. Rac1 cxd4 17. exd6 Bxd6 18. Nxd4 Rad8 19. Nab5 Nxb5 20. Nxb5 Bc5 21. Nc3 Bd4 22. Nb5 Bc5 23. Nc3 Qc6 24. h3 a6 25. a3 Bd4 26. Ne4 f5 27. Nc3 Rd7 28. Rd2 Red8 29. Rcd1 Kh7 30. Nd5 e5 31. Ne3 g6 32. Nd5 b5 33. b3 bxc4 34. bxc4 Kg7 35. Rxd4 exd4 36. Rd2 Kh7 37. Rxd4 Qd6 38. Qd2 Kg7 39. g3 Qe5 40. h4 Rd6 41. Kh2 Kh7 42. Rd3 Qg7 43. Re3 R8d7 44. Qe2 Rc6 45. Re8 Rcd6 46. Re5 Rd8 47. Re7 R8d7 48. Rxg7+ Kxg7 49. Qe5+ Kf7 50. Nf4 Rc6 51. c5 h5 52. Nh3 Rdc7 53. Ng5+ Kf8 54. Ne6+ 1-0


[Site "https://www.chess.com"]